Map: Blackpink LE

Players

Dessa - Winner!

  • Race: Zerg Zerg
  • League: Diamond
  • Spawn Location: 1:00

NXRogue

  • Race: Zerg Zerg
  • League: Diamond
  • Spawn Location: 7:00

VOD

Have the link to the VOD?

Description

Time

  • Played on: Dec. 9, 2017, 5:22 p.m.
  • Length: 17:03
Show
View Real Time Build Order
Export as new Build Order

Dessa Zerg - Winner!

Build Orders: Pool First 

Get SALT Encoding   

  12  0:00  Drone  
  13  0:12  Overlord  
  13  0:19  Drone  
  14  0:31  Drone x2  
  16  0:41  Drone, Extractor  
  16  0:50  Spawning Pool  
  16  0:52  Drone  
  16  1:02  Drone  
  17  1:08  Drone  
  18  1:25  Hatchery  
  17  1:29  Drone  
  18  1:35  Drone  
  19  1:43  Queen  
  21  1:50  Metabolic Boost  
  21  1:54  Zergling x2  
  21  2:00  Overlord  
  22  2:24  Queen  
  22  2:26  Overlord  
  24  2:30  Drone x2  
  24  2:36  Queen  
  26  2:38  Drone  
  26  2:40  Drone  
  29  3:01  Baneling Nest  
  29  3:02  Zergling x2  
  29  3:03  Zergling x2  
  30  3:09  Drone x2  
  30  3:10  Drone x2  
  34  3:31  Drone x6  
  34  3:32  Drone  
  41  3:40  Overlord  
  41  3:54  Drone x2, Extractor  
  41  3:55  Drone, Extractor  
  42  3:56  Overlord  
  42  3:58  Drone  
  42  4:01  Drone x2  
  42  4:02  Drone  
  46  4:04  Drone x2  
  46  4:09  Roach Warren  
  47  4:17  Drone x2  
  47  4:18  Overlord, Evolution Chamber  
  47  4:19  Evolution Chamber  
  47  4:20  Lair  
  47  4:43  Drone x3  
  47  4:45  Extractor  
  49  4:52  Zerg Ground Armor Level 1, Zerg Missile Weapons Level 1  
  49  4:53  Overlord  
  49  4:59  Roach x3  
  55  5:03  Roach  
  55  5:04  Roach  
  59  5:08  Hatchery  
  59  5:11  Roach x2  
  62  5:24  Pneumatized Carapace  
  62  5:36  Glial Reconstitution  
  62  5:37  Drone x3  
  62  5:38  Overlord  
  62  5:42  Roach  
  67  5:47  Roach x2  
  67  5:49  Roach x2, Overlord  
  74  6:04  Drone  
  74  6:07  Overlord  
  75  6:20  Queen  
  75  6:22  Drone x4  
  75  6:24  Roach x3  
  87  6:38  Overlord  
  89  6:40  Roach x4  
  89  6:42  Ravager x4  
  89  6:43  Ravager x2  
  89  6:44  Roach x2  
  89  6:46  Overlord x2  
  105  6:51  Overlord  
  105  6:53  Overlord  
  105  7:19  Roach x2  
  105  7:20  Roach x2  
  105  7:21  Roach x3, Overlord  
  119  7:24  Ravager x2  
  119  7:27  Zerg Missile Weapons Level 2  
  121  7:34  Drone x3, Extractor  
  121  7:35  Drone, Extractor  
  121  7:37  Drone x4  
  125  7:38  Drone x2  
  129  7:49  Zerg Ground Armor Level 2  
  129  7:51  Drone x3  
  132  7:55  Overlord x2  
  132  7:58  Drone x2  
  134  7:59  Drone  
  134  8:00  Roach  
  137  8:08  Roach  
  137  8:09  Roach x3  
  145  8:15  Roach x3  
  151  8:35  Hatchery  
  101  9:21  Roach  
  101  9:22  Roach x8  
  101  9:23  Roach x10  
  101  9:24  Roach  
  109  9:41  Hydralisk Den  
  109  9:42  Drone  
  109  9:46  Roach x6  
  109  9:47  Roach x3  
  109  9:52  Ravager x6  
  134  9:53  Ravager x4  
  134  9:54  Roach x3  
  143  10:01  Roach x3  
  151  10:10  Roach  
  151  10:11  Roach x7  
  151  10:12  Overlord  
  167  10:19  Overlord x3  
  165  10:44  Hatchery  
  165  10:46  Extractor  
  165  10:49  Infestation Pit  
  162  10:53  Muscular Augments  
  162  10:54  Hydralisk  
  162  10:55  Hydralisk x11  
  187  11:23  Overlord x2  
  187  11:24  Overlord  
  187  11:31  Hatchery  
  186  11:41  Overlord x3  
  186  11:43  Hive  
  178  12:23  Overseer  
  138  13:11  Roach, Hydralisk  
  138  13:12  Roach x3, Hydralisk  
  130  13:13  Roach x3, Hydralisk x6  
  130  13:14  Roach x6, Hydralisk x4  
  130  13:15  Roach x3  
  130  13:19  Hydralisk  
  131  13:20  Roach x3, Hydralisk x2  
  131  13:22  Queen  
  131  13:23  Drone  
  131  13:24  Zerg Ground Armor Level 3, Zerg Missile Weapons Level 3  
  137  13:28  Roach x2  
  137  13:32  Roach  
  143  13:38  Roach  
  145  13:53  Roach x5  
  141  14:04  Roach  
  141  14:05  Roach x3  
  143  14:12  Roach x4  
  143  14:13  Roach x3  
  157  14:22  Roach  
  157  14:23  Roach x2  
  153  14:32  Drone x2  
  153  14:33  Drone x3, Ultralisk Cavern  
  141  14:46  Hydralisk x2  
  141  14:47  Roach x3  
  143  14:59  Extractor  
  142  15:03  Drone x2  
  142  15:04  Drone x2  
  142  15:05  Drone x6  
  152  15:22  Chitinous Plating  
  152  15:26  Ultralisk x6  
  188  15:28  Zergling x2  
  188  15:29  Zergling x12  
  195  15:52  Hatchery  
  194  16:03  Hydralisk x3  
Show
View Real Time Build Order
Export as new Build Order

NXRogue Zerg 

Build Orders: Hatch First, Lurkers 

Get SALT Encoding   

  12  0:01  Drone  
  13  0:14  Overlord  
  13  0:23  Drone  
  14  0:32  Drone  
  14  0:33  Drone  
  16  0:36  Drone  
  17  0:53  Hatchery  
  16  0:57  Drone  
  16  1:00  Drone  
  18  1:08  Extractor  
  17  1:17  Spawning Pool  
  16  1:26  Drone x2  
  18  1:37  Drone  
  19  1:41  Drone  
  20  1:57  Overlord  
  20  2:06  Queen  
  20  2:07  Queen  
  24  2:08  Metabolic Boost  
  24  2:10  Zergling x2  
  24  2:11  Zergling x2  
  26  2:17  Drone  
  26  2:18  Drone  
  28  2:33  Baneling Nest  
  28  2:36  Drone x3  
  30  2:39  Drone  
  31  3:11  Drone x5  
  36  3:17  Roach Warren  
  36  3:19  Evolution Chamber  
  34  3:20  Overlord  
  34  3:21  Evolution Chamber  
  34  3:26  Drone  
  34  3:27  Drone  
  34  3:29  Baneling x2  
  34  3:30  Baneling x2  
  35  3:36  Spine Crawler  
  35  3:41  Queen  
  36  3:44  Queen  
  36  3:46  Drone  
  36  3:48  Drone  
  40  3:49  Drone  
  40  3:52  Drone  
  40  3:53  Drone  
  43  3:56  Zergling x2  
  44  4:04  Overlord x2  
  44  4:17  Lair  
  44  4:25  Drone  
  44  4:26  Drone x3  
  44  4:28  Drone  
  49  4:40  Drone x2  
  49  4:42  Extractor  
  49  4:43  Extractor  
  49  4:44  Drone  
  50  4:51  Drone x2  
  50  4:52  Extractor  
  51  4:54  Drone  
  51  4:55  Overlord  
  51  5:29  Roach x4  
  59  5:40  Glial Reconstitution  
  59  5:41  Zerg Missile Weapons Level 1  
  59  5:42  Zerg Ground Armor Level 1  
  58  5:44  Roach  
  58  5:46  Overlord x6  
  60  6:08  Hatchery  
  63  6:11  Roach x5  
  63  6:13  Ravager  
  63  6:14  Ravager x2  
  63  6:16  Ravager  
  73  6:21  Queen x2  
  77  6:30  Roach x6  
  89  6:45  Roach  
  89  6:46  Roach x4  
  99  6:58  Drone x6  
  99  6:59  Drone  
  106  7:07  Roach  
  108  7:09  Overlord  
  108  7:20  Drone x5  
  113  7:29  Evolution Chamber  
  112  7:30  Drone  
  112  7:31  Spine Crawler, Drone x6  
  112  7:37  Hydralisk Den  
  117  7:44  Zerg Missile Weapons Level 2  
  117  7:47  Zerg Ground Armor Level 2  
  117  7:57  Roach x2  
  121  8:00  Overlord x3  
  121  8:13  Lurker Den  
  121  8:15  Roach  
  122  8:20  Roach  
  122  8:21  Roach x6  
  136  8:27  Extractor  
  135  8:38  Roach  
  135  8:39  Roach x4  
  145  8:42  Overlord x2  
  145  8:43  Overlord x2  
  108  9:03  Roach x7  
  108  9:04  Roach  
  117  9:14  Roach x5  
  117  9:23  Roach x4  
  104  9:39  Hatchery  
  104  9:40  Roach  
  104  9:41  Roach x3  
  111  9:50  Spine Crawler  
  110  9:53  Ravager  
  110  9:54  Ravager x8  
  119  10:04  Hydralisk  
  119  10:05  Hydralisk x2  
  123  10:39  Lurker x2  
  123  10:45  Hydralisk x2  
  127  10:51  Roach x8  
  127  10:52  Infestation Pit  
  142  10:59  Extractor  
  141  11:11  Lurker  
  141  11:15  Roach x8  
  141  11:16  Roach  
  160  11:19  Overseer  
  160  11:28  Drone x4  
  160  11:30  Extractor  
  163  11:40  Hive  
  163  11:42  Roach  
  163  11:43  Roach x5  
  175  12:02  Lurker x2  
  161  12:18  Hatchery  
  154  12:23  Roach x5  
  154  12:24  Roach x10  
  184  12:33  Overlord x2  
  184  12:34  Overlord  
  184  12:44  Overlord  
  184  12:45  Overlord x3  
  157  13:09  Roach x15  
  173  13:17  Roach  
  173  13:18  Roach x2  
  153  13:27  Hydralisk x3  
  153  13:32  Adaptive Talons  
  159  13:36  Hydralisk  
  159  13:39  Drone x2  
  159  13:52  Zerg Missile Weapons Level 3  
  159  13:53  Zerg Ground Armor Level 3  
  159  13:57  Lurker x2  
  159  13:58  Lurker  
  159  14:00  Hydralisk  
  126  14:13  Roach  
  126  14:14  Roach x6  
  142  14:17  Roach  
  142  14:21  Lurker  
  142  14:26  Lurker  
  133  14:34  Roach x6  
  119  14:48  Roach  
  119  14:49  Roach x5  
  120  14:56  Roach x3  
  126  15:11  Ravager x6  
  126  15:12  Ravager x2  
  134  15:20  Hatchery  
  133  15:25  Drone x3  
  133  15:26  Drone x2  
  138  15:33  Roach x4  
  146  15:42  Spire  
  145  15:50  Hydralisk  
  145  15:51  Hydralisk x2  
  151  16:06  Drone  
  151  16:07  Drone x2  
  154  16:15  Roach x2  
  154  16:16  Roach x3  
  154  16:18  Hatchery  
  163  16:21  Lurker x2  
  163  16:22  Lurker  
  166  16:39  Extractor  
Tags
 
Composition
Lurkers
Matchup
ZvZ
Race
Zerg
Replay Pack
2017S4
Spawn Locations
Cross Positions
Add a new tag
Caveats
  • Supply blocks, unpowered buildings, or Contaminate may cause inaccurate times.
  • Supply counts are checked every 10 seconds.